 Dungeon Crawl Stone Soup version 0.17-a0-1987-gaf5a542 (webtiles) character file.

177 tp1 the Chopper (level 5, -10/33 HPs)
             Began as a Gargoyle Berserker on Oct 6, 2015.
             Was a Priest of Trog.
             Killed from afar by graki42's ghost (16 damage)
             ... with a flame tongue
             ... on level 4 of the Dungeon.
             The game lasted 00:09:26 (2767 turns).

tp1 the Chopper (Gargoyle Berserker)                Turns: 2767, Time: 00:09:28

Health: -10/33     AC: 12    Str: 22    XL:     5   Next: 57%
Magic:  5/5        EV: 11    Int:  7    God:    Trog [***...]
Gold:   166        SH:  0    Dex:  9    Spells: 0 memorised, 4 levels left

rFire  . . .     SeeInvis .     t - +4 flail
rCold  . . .     Clarity  .     i - +0 ring mail
rNeg   + . .     SustAt   .     (no shield)
rPois  ∞         Gourm    .     (no helmet)
rElec  +         Spirit   .     q - +0 cloak
rCorr  .         Warding  .     w - +0 pair of gloves
rMut   .         Stasis   .     (no boots)
MR     ++...                    (no amulet)
Stlth  ..........               (no ring)
                                (no ring)

@: regenerating, very resistant to hostile enchantments, extremely unstealthy
A: negative energy resistance 1, electricity resistance, unbreathing,
petrification resistance, rot immunity, AC +4
a: Burn Spellbooks, Berserk, Trog's Hand, Renounce Religion


You were on level 4 of the Dungeon.
You worshipped Trog.
Trog was most pleased with you.
You were not hungry.

You visited 1 branch of the dungeon, and saw 4 of its levels.

You collected 166 gold pieces.

Inventory:

Hand Weapons
 a - a +0 hand axe
 t - a +4 flail (weapon)
Armour
 b - a +0 animal skin
 i - a +0 ring mail (worn)
 q - a +0 cloak (worn)
 w - a +0 pair of gloves (worn)
Jewellery
 l - an uncursed ring of wizardry {unknown}
Scrolls
 g - 2 scrolls of blinking {unknown}
 h - a scroll of identify {unknown}
 p - a scroll of remove curse {unknown}
 r - a scroll of magic mapping {unknown}
 s - a scroll of enchant weapon {unknown}
 u - a scroll of teleportation {unknown}
 v - a scroll of amnesia {unknown}
 y - a scroll of recharging {unknown}
 B - a scroll of noise {unknown}
 C - a scroll of immolation {unknown}
Potions
 d - 4 potions of curing {unknown}
 e - 2 potions of heal wounds {unknown}
 f - 2 potions of agility {unknown}
 j - a potion of poison {unknown}
 m - a potion of cancellation {unknown}
 x - 2 potions of might {unknown}
 z - a potion of invisibility {unknown}
Comestibles
 c - 6 bread rations
 k - 2 beef jerkies
 n - a royal jelly
 o - 2 meat rations
 A - a slice of pizza


   Skills:
 - Level 4.0 Fighting
 + Level 4.1(4.2) Axes
 + Level 0.4(2.8) Maces & Flails
 * Level 3.7 Armour
 - Level 2.0 Dodging


You had 4 spell levels left.
You didn't know any spells.

Dungeon Overview and Level Annotations

Branches:
Dungeon (4/15)             Temple (0/1) D:4

Altars:
Kikubaaqudgha

Shops:
D:4 [

Annotations:
D:4 graki42's ghost, amateur DEFE


Innate Abilities, Weirdness & Mutations

You are resistant to torment.
Your stone body is resilient (AC +4).
You are immune to poison.
You resist negative energy.
You are resistant to electric shocks.
You can survive without breathing.
You are immune to petrification.
You are immune to rotting.


Message History

You sock the ooze!
The ooze is severely wounded.
The ooze hits you but does no damage.
Graki42's ghost gestures at you while chanting.
The flame tongue hits you!
Ouch! That really hurt!
You sock the ooze!
You kill the ooze!
Trog accepts your kill.
Graki42's ghost says, "Very impressive.
But it won't help.
Nothing will."
Graki42's ghost gestures at you while chanting.
The flame tongue hits you!
* * * LOW HITPOINT WARNING * * *
Use which ability?
Your skin crawls.
You feel resistant to hostile enchantments.
You feel slightly more hungry.
Graki42's ghost points at you and mumbles some strange words.
The flame tongue hits you!
You die...

.. .# .# .# .. .# ... ##.#
....###..# ........# #
...###W@##########⌠. #
#...........#.> # ## ###
#.#.....#####⌠. #
..##..###.#.....#
#######.......#.#..#..#
....<...........###...# #
########........#∩'...######.####
##........#####.###..............
...#####.#####..........†.###...


You could see graki42's ghost.

Vanquished Creatures
  7 adders
  3 gnolls (D:3)
  An ooze (D:4)
  4 worms
  3 orcs (D:3)
  8 bats
  A bat zombie (D:3)
  2 giant cockroaches
  6 goblins
  7 hobgoblins
  4 jackals (D:1)
  A ball python (D:1)
  3 giant geckos
  2 giant newts
  6 kobolds
  8 rats
  A rat zombie (D:3)
67 creatures vanquished.

Notes
Turn   | Place    | Note
--------------------------------------------------------------
     0 | D:1      | tp1 the Gargoyle Berserker began the quest for the Orb.
     0 | D:1      | Reached XP level 1. HP: 14/14 MP: 1/1
   137 | D:1      | Reached XP level 2. HP: 14/19 MP: 2/2
  1010 | D:2      | Acquired Trog's second power
  1020 | D:2      | Reached XP level 3. HP: 24/24 MP: 3/3
  1172 | D:2      | Reached skill level 4 in Fighting
  1382 | D:2      | Reached XP level 4. HP: 22/29 MP: 4/4
  1942 | D:3      | Reached XP level 5. HP: 33/33 MP: 5/5
  2342 | D:3      | Found an ancient bone altar of Kikubaaqudgha.
  2713 | D:4      | Found Ykkeshue's Armour Shop.
  2755 | D:4      | Found a staircase to the Ecumenical Temple.
  2759 | D:4      | Noticed graki42's ghost (amateur DEFE)
  2767 | D:4      | Killed from afar by graki42's ghost

Vault maps used:
D:1:      lordsloth_arrival_two_stooges
D:2:      first_bread, minivault_27
D:3:      lemuel_zombie_altar_kikubaaqudgha
D:4:      temple_doors_e, serial_shops, nicolae_shop_window_shopping

Action                   |  1- 3 |  4- 6 || total
-------------------------+-------+-------++-------
Melee: Hand axe          |   131 |    40 ||   171
       Flail             |       |    50 ||    50
Invok: Berserk           |       |     1 ||     1
       Trog's Hand       |       |     1 ||     1
  Eat: Chunk             |     1 |     6 ||     7
